 Dungeon Crawl Stone Soup version 0.28.0-47-ge53b351184 (webtiles) character file.

Game seed: 4290247552830934473

503 nickcage the Gusty (level 6, -2/32 HPs)
             Began as a Deep Elf Air Elementalist on May 9, 2022.
             Engulfed by a steam dragon's steam (5 damage)
             ... on level 5 of the Dungeon.
             The game lasted 00:11:27 (4246 turns).

nickcage the Gusty (Deep Elf Air Elementalist)      Turns: 4246, Time: 00:11:29

Health: -2/32      AC:  3    Str:  5    XL:     6   Next: 96%
Magic:  6/14       EV: 12    Int: 22    God:
Gold:   182        SH:  0    Dex: 15    Spells: 3/13 levels left

rFire   . . .      SeeInvis .   n - +3 dagger (pain)
rCold   . . .      Faith    .   (no shield)
rNeg    . . .      Spirit   .   a - +0 robe
rPois   .          Reflect  .   (no helmet)
rElec   .          Harm     .   o - +0 cloak
rCorr   .          Rampage  .   (no gloves)
Will    .....                   (no boots)
Stlth   ++........              (no amulet)
HPRegen 0.10/turn               (no ring)
MPRegen 0.14/turn               (no ring)

@: very slightly contaminated
A: no striking features
a: no special abilities


You were on level 5 of the Dungeon.
You visited 1 branch of the dungeon, and saw 5 of its levels.

You collected 182 gold pieces.

Inventory:

Hand Weapons
 b - a +0 spear
 f - a +2 dagger of venom
 n - a +3 dagger of pain (weapon)
Armour
 a - a +0 robe (worn)
 o - a +0 cloak (worn)
Wands
 r - a wand of flame (17)
Scrolls
 h - a scroll of fog {unknown}
 l - a scroll of teleportation {unknown}
 m - 2 scrolls of identify {unknown}
 p - a scroll of fear {unknown}
 q - 2 scrolls of vulnerability {unknown}
Potions
 c - 2 potions of heal wounds {unknown}
 d - 3 potions of haste {unknown}
 e - a potion of mutation {unknown}
 g - 3 potions of ambrosia {unknown}
 i - a potion of brilliance {unknown}
 j - 4 potions of curing {unknown}
 k - a potion of berserk rage {unknown}


   Skills:
 - Level 2.4 Dodging
 - Level 2.4 Stealth
 + Level 4.2 Spellcasting
 - Level 2.0 Conjurations
 * Level 7.4 Air Magic


You had 3 spell levels left.
You knew the following spells:

 Your Spells              Type           Power      Damage    Failure   Level
a - Shock                 Conj/Air       100%       1d9       1%          1
b - Static Discharge      Conj/Air       25%        N/A       2%          2
c - Swiftness             Air            37%        N/A       1%          3
d - Airstrike             Air            18%        N/A       4%          4

Your spell library contained the following spells:

 Spells                   Type           Power      Damage    Failure   Level
 Pain                     Necr           16%        1d4       11%         1
 Dazzling Flash           Conj/Hex       18%        N/A       22%         3
 Iskenderun's Mystic Bla  Conj/Tloc      9%         2d4       58%         4
 Conjure Ball Lightning   Conj/Air       12%        3x3d6     94%         6
 Agony                    Necr           4%         N/A       97%         5
 Excruciating Wounds      Necr           2%         N/A       97%         5
 Starburst                Conj/Fire      4%         6d4       100%        6
 Discord                  Hex            2%         N/A       100%        8
 Disjunction              Tloc           2%         N/A       100%        8


Dungeon Overview and Level Annotations

Branches:
Dungeon (5/15)
 Temple: D:4-7

Altars:
Ru

Annotations:
D:3 3 runed translucent doors, ShadowYui's ghost, novice HuFi; Woods's ghost, amateur GrFi; pkoi's ghost, amateur DgGl


Message History

There is a stone staircase leading down here.
You open the door.
There is an open door here.
You open the door.
There is an open door here.
Found a hunting sling.
A steam dragon comes into view.
You miscast Shock.
You are very lightly contaminated with residual magic.
Nothing appears to happen.
The zap hits the steam dragon but does no damage.
The steam dragon hisses angrily.
The zap misses the steam dragon.
You miscast Shock.
Nothing appears to happen.
The steam dragon breathes steam at you. The ball of steam hits you!
The steam dragon is struck by an arc of lightning.
The steam dragon is lightly wounded.
You are struck by an arc of lightning.
The lightning grounds out.
You are engulfed in a cloud of scalding steam.
The steam dragon bites you.
* * * LOW HITPOINT WARNING * * *
The steam dragon claws you.
* * * LOW HITPOINT WARNING * * *
You are too injured to fight recklessly!
Casting: Static Discharge (safe; 2% risk of failure)
Press: ? - help, Q - select action, (/) - cycle Dir - look around, f - activate The steam dragon is struck by an arc of lightning!
The steam dragon is heavily wounded.
You are struck by an arc of lightning.
* * * LOW HITPOINT WARNING * * *
The lightning grounds out.
You are engulfed in a cloud of scalding steam.
You die...

###### ######
.....###### #....#
.....+....# #....#
.....#....######§...#
.....'....'...§.D...+
.....#....####§.@...#
.....####.# #§...?.#
..#### #.# ###....#
..#######.# #..)....
..........# #.#####.#
>.......... ... .
.########## #.# .#
#.# .#


You could see a steam dragon (catching breath).

Vanquished Creatures
  An ogre (D:4)
  A scorpion (D:4)
  A howler monkey (D:4)
  A jelly (D:4)
  Crazy Yiuf (D:3)
  Jessica (D:3)
  2 iguanas
  Natasha (twice) (D:3)
  5 adders
  A shadow imp (D:3)
  An adder zombie (D:3)
  A worm (D:3)
  2 dart slugs
  5 orcs
  9 bats
  6 endoplasms
  2 giant cockroaches
  4 hobgoblins
  4 quokkas
  8 ball pythons
  4 frilled lizards
  11 goblins
  3 kobolds
  2 rats (D:1)
78 creatures vanquished.

Vanquished Creatures (others)
  A plant (D:3)
1 creature vanquished.

Grand Total: 79 creatures vanquished

Notes
Turn   | Place    | Note
-------+----------+-------------------------------------------
     0 | D:1      | nickcage the Deep Elf Air Elementalist began the quest for
                  | the Orb.
     0 | D:1      | Reached XP level 1. HP: 10/10 MP: 6/6
   185 | D:1      | You fall into a shaft and drop 1 floor!
   326 | D:1      | Reached XP level 2. HP: 15/15 MP: 6/8
   462 | D:1      | Found a faded altar of an unknown god.
   475 | D:1      | Found a faded altar of an unknown god.
   922 | D:2      | Learned a level 2 spell: Static Discharge
  1029 | D:2      | Reached skill level 4 in Air Magic
  1029 | D:2      | Reached XP level 3. HP: 19/19 MP: 6/9
  1033 | D:2      | Learned a level 3 spell: Swiftness
  1930 | D:3      | Found a runed translucent gate.
  1930 | D:3      | Found a runed translucent gate.
  1931 | D:3      | Found a runed translucent gate.
  1933 | D:3      | Noticed pkoi's ghost (amateur DgGl)
  1933 | D:3      | Noticed ShadowYui's ghost (novice HuFi)
  1933 | D:3      | Noticed Woods's ghost (amateur GrFi)
  1967 | D:3      | Noticed Jessica
  1973 | D:3      | Killed Jessica
  1974 | D:3      | Reached XP level 4. HP: 24/24 MP: 4/11
  2395 | D:3      | Reached skill level 5 in Air Magic
  2573 | D:3      | Noticed Natasha
  2578 | D:3      | Killed Natasha
  2579 | D:3      | Reached XP level 5. HP: 21/28 MP: 6/12
  2653 | D:3      | Found a sacrificial altar of Ru.
  2739 | D:3      | Noticed Natasha
  2744 | D:3      | Killed Natasha
  2750 | D:3      | Learned a level 4 spell: Airstrike
  2849 | D:3      | Found a runed translucent door.
  2850 | D:3      | Noticed Crazy Yiuf
  2857 | D:3      | Killed Crazy Yiuf
  2932 | D:4      | Reached skill level 6 in Air Magic
  3132 | D:4      | Reached XP level 6. HP: 30/32 MP: 11/14
  3215 | D:4      | Reached skill level 7 in Air Magic
  4148 | D:5      | Entered Level 5 of the Dungeon
  4239 | D:5      | Noticed a steam dragon
  4246 | D:5      | Engulfed by a steam dragon's steam

Illustrated notes

Levels and vault maps discovered:
D:1:      minmay_arrival_semitransparent, layout_basic,
          hellmonk_ecumenical_altar_the_god_not_taken, chequers_jeans
D:2:      layout_loops_corners
D:3:      cheibrodos_old_hovel, layout_loops_ring, nicolae_ru_path_of_blood,
          gammafunk_ghost_cemetery, minmay_joined_circles, uniq_natasha,
          uniq_crazy_yiuf_cottage, uniq_jessica
D:4:      layout_rooms, corexii_checkpoint_b
D:5:      layout_basic, okawaru_altar_gauntlet_db, serial_shops,
          nicolae_shop_waterfront, uniq_menkaure

Skill      XL: |  1  2  3  4  5  6 |
---------------+-------------------+-----
Air Magic      | 4 5 6 7 |  7.4
Conjurations   | 2 |  2.0
Spellcasting   | 4 |  4.2
Dodging        | |  2.4
Stealth        | |  2.4

Action                   |  1- 3 |  4- 6 || total
-------------------------+-------+-------++-------
 Cast: Shock             |    69 |    85 ||   154
       Static Discharge  |       |    12 ||    12
Armor: Robe              |     4 |     1 ||     5
Dodge: Dodged            |     6 |    16 ||    22
